 Dungeon Crawl Stone Soup version 0.22-b1-26-g9dbaab1 (webtiles) character file.

120 goulibeur the Distorting Demonspawn (level 4, -5/36 HPs)
             Began as a Demonspawn Abyssal Knight on Aug 6, 2018.
             Was a Believer of Lugonu.
             Killed by nerve-wracking pain
             ... invoked by an orc priest
              (11 damage)
             ... on level 3 of the Dungeon.
             The game lasted 00:05:37 (2633 turns).

goulibeur the Distorting Demonspawn (DsAK)          Turns: 2633, Time: 00:05:39

Health: -5/36      AC:  6    Str: 12    XL:     4   Next: 75%
Magic:  7/7        EV: 12    Int: 13    God:    Lugonu [**....]
Gold:   178        SH:  0    Dex: 14    Spells: 3/3 levels left

rFire    + . .     SeeInvis .   a - +1 short sword
rCold    . . .     Gourm    .   (no shield)
rNeg     . . .     Faith    .   k - +0 scale mail
rPois    .         Spirit   .   (helmet restricted)
rElec    .         Reflect  .   (no cloak)
rCorr    .         Harm     .   (no gloves)
MR       .....     Rnd*Tele +   (no boots)
Stlth    ..........             u - amulet of magic regeneration
HPRegen  0.12/turn              e - ring of teleportation (curse)
MPRegen  0.35/turn              r - ring of protection from fire

@: no status effects
A: horns 1, repulsion field 2
a: Depart the Abyss, Bend Space, Renounce Religion


You were on level 3 of the Dungeon.
You worshipped Lugonu.
Lugonu was pleased with you.
You were hungry.

You visited 1 branch of the dungeon, and saw 3 of its levels.
You visited the Abyss 1 time.

You collected 178 gold pieces.

Inventory:

Hand Weapons
 a - a +1 short sword (weapon)
Armour
 b - a +0 leather armour
 k - a +0 scale mail (worn)
Jewellery
 e - a cursed ring of teleportation (left hand)
 r - a ring of protection from fire (right hand)
 u - an amulet of magic regeneration (around neck)
Scrolls
 f - a scroll of blinking
 g - a scroll of identify
 h - 2 scrolls of fear {unknown}
 i - a scroll of magic mapping {unknown}
 n - 2 scrolls of teleportation {unknown}
 q - a scroll of immolation {unknown}
Potions
 d - a potion of brilliance {unknown}
 j - a potion of haste {unknown}
 l - 2 potions of berserk rage {unknown}
 m - a potion of might {unknown}
 o - a potion of heal wounds {unknown}
 p - 2 potions of curing {unknown}
 t - a potion of lignification {unknown}
Comestibles
 c - 4 rations


   Skills:
 + Level 3.6 Fighting
 - Level 1.7 Short Blades
 + Level 2.5 Armour
 + Level 2.0 Dodging
 * Level 4.5 Invocations


You had 3 spell levels left.
You didn't know any spells.
Your spell library was empty.

Dungeon Overview and Level Annotations

Branches:
Dungeon (3/15)

Altars:
Okawaru


Innate Abilities, Weirdness & Mutations

You have a pair of small horns on your head.
You are surrounded by a moderate repulsion field. (EV +3)


Message History

You kill the orc!
Lugonu accepts your kill. The orc priest completely misses you.
You barely miss the orc priest. You hit the orc priest.
The orc priest is lightly wounded.
The orc priest hits you but does no damage.
You closely miss the orc priest.
The orc priest is lightly wounded.
The orc priest hits you with a club.
You completely miss the orc priest.
The orc priest is lightly wounded.
The orc priest calls down the wrath of Beogh upon you.
Pain shoots through your body!
* * * LOW HITPOINT WARNING * * *
You closely miss the orc priest.
The orc priest is lightly wounded.
The orc priest mumbles some strange prayers to Beogh against you.
Pain shoots through your body!
You die...

##### ###### #...# ###....####
#...# ###### #.'....'..######...#
#<...# #.#....##.#....'...#
####.####<#######.#.####...#
#########.#..#.#######...####....
...............o@......)....>....
###########.##)#############.##..
#............# #.....# #.##..
#........########.....# #.##..
#........#.....##.....# #.##.. .
#........#.....##...[.# #.##..
..#........#.....##.....####.##..
..'........'...).''.....'........
..#........#.....##.....#####..##


You could see an orc priest.

Vanquished Creatures
  A hound (D:3)
  A gnoll (D:1)
  2 adders (D:3)
  An ooze (D:1)
  A dart slug (D:1)
  2 leopard geckos (D:1)
  3 orcs (D:3)
  2 ball pythons
  4 bats
  5 goblins
  8 hobgoblins
  6 jackals
  5 kobolds
  3 frilled lizards (D:1)
  5 rats
49 creatures vanquished.

Notes
Turn   | Place    | Note
-------+----------+-------------------------------------------
     0 | Abyss:1  | goulibeur the Demonspawn Abyssal Knight began the quest for the Orb.
     0 | Abyss:1  | Reached XP level 1. HP: 18/18 MP: 2/2
    41 | Abyss:1  | Noticed an ancient zyme
    42 | D:1      | Escaped the Abyss
    92 | D:1      | Reached skill level 1 in Dodging
   134 | D:1      | Gained mutation: You are surrounded by a mild repulsion field. (EV +2) [demonic ancestry]
   134 | D:1      | Reached XP level 2. HP: 13/24 MP: 4/4
   402 | D:1      | Reached skill level 3 in Invocations
   407 | D:1      | Reached * piety under Lugonu
   742 | D:1      | Gained mutation: You are surrounded by a moderate repulsion field. (EV +3) [demonic ancestry]
   742 | D:1      | Reached XP level 3. HP: 12/29 MP: 5/5
  2125 | D:3      | Reached skill level 4 in Invocations
  2125 | D:3      | Gained mutation: You have a pair of small horns on your head. [demonic ancestry]
  2125 | D:3      | Reached XP level 4. HP: 35/35 MP: 5/7
  2241 | D:3      | Reached ** piety under Lugonu
  2406 | D:3      | Found an iron altar of Okawaru.
  2633 | D:3      | Killed from afar by an orc priest

Skill      XL: |  1  2  3  4 |
---------------+-------------+-----
Dodging        | 1 2 |  2.0
Armour         | 2 |  2.5
Invocations    | 3 4 |  4.5
Fighting       | |  3.6
Short Blades   | |  1.7

Action                   |  1- 3 |  4- 6 || total
-------------------------+-------+-------++-------
Melee: Short sword       |   151 |    54 ||   205
       Headbutt          |       |     7 ||     7
Invok: Depart the Abyss  |     1 |       ||     1
  Use: Scroll            |       |     2 ||     2
  Eat: Chunk             |     3 |     2 ||     5
Armor: Leather armour    |    25 |       ||    25
       Scale mail        |    22 |    21 ||    43
Dodge: Dodged            |   126 |    36 ||   162
